 Dungeon Crawl Stone Soup version 0.27-a0-385-g3208abaabc (webtiles) character file.

Game seed: 3405520208012071642

82 dolemite99 the Cutter (level 4, -2/39 HPs)
             Began as a Minotaur Abyssal Knight on Feb 20, 2021.
             Was a Believer of Lugonu.
             Slain by a kobold brigand
             ... wielding a +1 dagger of venom
              (5 damage)
             ... on level 3 of the Dungeon.
             The game lasted 00:02:17 (1993 turns).

dolemite99 the Cutter (Minotaur Abyssal Knight)     Turns: 1993, Time: 00:02:17

Health: -2/39      AC:  7    Str: 17    XL:     4   Next: 21%
Magic:  4/4        EV: 10    Int:  9    God:    Lugonu [**....]
Gold:   160        SH:  0    Dex: 10    Spells: 3/3 levels left

rFire    . . .     SeeInvis .   a - +0 rapier
rCold    . . .     Faith    .   (no shield)
rNeg     . . .     Spirit   .   p - +0 ring mail
rPois    .         Reflect  .   (helmet restricted)
rElec    .         Harm     .   h - +0 cloak
rCorr    .         Rampage  .   r - +0 pair of gloves
Will     .....                  (no boots)
Stlth    ..........             (no amulet)
HPRegen  0.13/turn              (no ring)
MPRegen  0.09/turn              (no ring)

@: lethally poisoned (-2 -> -17), flying, invisible
A: retaliatory headbutt, horns 2
a: Renounce Religion, Depart the Abyss, Bend Space


You were on level 3 of the Dungeon.
You worshipped Lugonu.
Lugonu was pleased with you.
You visited 1 branch of the dungeon, and saw 3 of its levels.
You visited the Abyss 1 time.

You collected 160 gold pieces.

Inventory:

Hand Weapons
 a - a +0 rapier (weapon)
 l - a +1 short sword
 o - a +0 hunting sling
Missiles
 j - 94 stones
Armour
 b - a +0 leather armour
 h - a +0 cloak (worn)
 p - a +0 ring mail (worn)
 r - a +0 pair of gloves (worn)
Scrolls
 c - a scroll of amnesia {unknown}
 d - 4 scrolls of identify {unknown}
 k - a scroll of fear {unknown}
 m - a scroll of random uselessness {unknown}
 n - 2 scrolls of enchant weapon {unknown}
Potions
 e - a potion of invisibility
 f - a potion of flight
 i - a potion of brilliance {unknown}
 q - a potion of ambrosia {unknown}


   Skills:
 - Level 3.6 Fighting
 + Level 5.0 Short Blades
 - Level 2.4 Armour
 - Level 1.1 Dodging
 - Level 1.7 Invocations


You had 3 spell levels left.
You didn't know any spells.
Your spell library was empty.

Dungeon Overview and Level Annotations

Branches:
Dungeon (3/15)

Altars:


Innate Abilities, Weirdness & Mutations

You reflexively headbutt those who attack you in melee.
You have a pair of horns on your head.


Message History

You feel sick.
The kobold brigand hits you with a +1 dagger of venom.
* * * LOW HITPOINT WARNING * * *
The kobold brigand barely misses you.
It was a potion of curing.
You feel better.
The kobold brigand hits you with a +1 dagger of venom.
* * * LOW HITPOINT WARNING * * *
You are lethally poisoned!
The kobold brigand hits you with a +0 club.
* * * LOW HITPOINT WARNING * * *
You feel better.
The kobold brigand hits you with a +1 dagger of venom.
* * * LOW HITPOINT WARNING * * *
You are lethally poisoned!
You hit the kobold brigand but do no damage.
You headbutt the kobold brigand, but do no damage.
The kobold brigand is moderately wounded.
* * * LOW HITPOINT WARNING * * *
You feel sick.
The kobold brigand hits you but does no damage. x2
You barely miss the kobold brigand. You headbutt the kobold brigand!
The kobold brigand is heavily wounded.
* * * LOW HITPOINT WARNING * * *
You feel sick.
The kobold brigand hits you but does no damage.
The kobold brigand hits you with a +1 dagger of venom.
* * * LOW HITPOINT WARNING * * *
You are more poisoned.
You closely miss the kobold brigand. You headbutt the kobold brigand.
The kobold brigand is severely wounded.
* * * LOW HITPOINT WARNING * * *
You feel sick.
The kobold brigand hits you but does no damage.
The kobold brigand drinks a potion.
The kobold brigand is healed!
It was a potion of invisibility.
You fade into invisibility!
* * * LOW HITPOINT WARNING * * *
You feel sick. The kobold brigand barely misses you.
The kobold brigand hits you with a +1 dagger of venom.
You die...

#.$ #.$
#.. . ..##
..# #..#
..≈≈ ..##
..≈≈≈##KK#
#≈≈≈≈#@.#
#≈≈≈##..#
#≈ #..##
#..# #..#
#..# .#
##.)# .#
#..##≈.##
##..#≈≈..#


You could see 2 kobold brigands.

Vanquished Creatures
  2 adders (D:3)
  A worm (D:3)
  2 dart slugs
  A leopard gecko (D:3)
  A ball python (D:1)
  2 giant cockroaches
  6 hobgoblins
  2 jackals (D:1)
  A quokka (D:2)
  4 bats
  7 goblins
  18 kobolds
  An orc zombie (Abyss:1)
  7 rats
  2 toadstools (D:1)
57 creatures vanquished.

Vanquished Creatures (others)
  4 fungi (D:1)
  5 plants (D:1)
  2 toadstools (D:1)
11 creatures vanquished.

Grand Total: 68 creatures vanquished

Notes
Turn   | Place    | Note
-------+----------+-------------------------------------------
     0 | Abyss:1  | dolemite99 the Minotaur Abyssal Knight began the quest for
                  | the Orb.
     0 | Abyss:1  | Reached XP level 1. HP: 19/19 MP: 1/1
    11 | Abyss:1  | Found an ancient bone altar of Kikubaaqudgha.
   107 | Abyss:1  | Noticed a large abomination
   111 | D:1      | Escaped the Abyss
   523 | D:1      | Reached skill level 3 in Short Blades
   523 | D:1      | Reached XP level 2. HP: 26/26 MP: 2/2
   833 | D:2      | Reached * piety under Lugonu
  1029 | D:2      | Reached XP level 3. HP: 28/31 MP: 3/3
  1225 | D:2      | Reached skill level 4 in Short Blades
  1731 | D:3      | Reached XP level 4. HP: 33/39 MP: 4/4
  1932 | D:3      | Reached ** piety under Lugonu
  1947 | D:3      | Reached skill level 5 in Short Blades
  1971 | D:3      | Noticed a kobold brigand
  1972 | D:3      | Noticed a kobold brigand
  1993 | D:3      | Slain by a kobold brigand

Illustrated notes

Levels and vault maps discovered:
D:1:      dpeg_arrival_triangle_fractal, layout_loops_ring, chequers_big_river,
          minmay_gold_behind_fungi
D:2:      layout_loops_ring, minmay_misc_feat_diagonals,
          minmay_misc_feat_hallway, kennysheep_generic_room_15
D:3:      cheibrodos_thug_alley, layout_basic

Skill      XL: |  1  2  3  4 |
---------------+-------------+-----
Short Blades   | 3 4 5 |  5.0
Fighting       | |  3.6
Armour         | |  2.4
Dodging        | |  1.1
Invocations    | |  1.7

Action                   |  1- 3 |  4- 6 || total
-------------------------+-------+-------++-------
Melee: Short sword       |    64 |       ||    64
       Headbutt          |    23 |     8 ||    31
       Rapier            |    44 |    41 ||    85
Invok: Depart the Abyss  |     1 |       ||     1
  Use: Potion            |       |     4 ||     4
Armor: Leather armour    |    18 |       ||    18
       Ring mail         |    20 |    13 ||    33
Dodge: Dodged            |    36 |    17 ||    53

Table legend: (Time is in decaauts)
 A = Elapsed time spent in this place.
 B = Non-inter-level travel time spent in this place.
 C = Inter-level travel time spent in this place.
 D = Time resting spent in this place.
 E = Time spent auto-exploring this place.
 F = Levels seen in this place.
 G = Mean time per level.
                   A        B        C        D        E       F      G
               +--------+--------+--------+--------+--------+-----+--------+
         Total |   1988 |   1962 |     26 |    172 |   1250 |   4 |  497.0 |
       Dungeon |   1877 |   1851 |     26 |    172 |   1156 |   3 |  625.7 |
         Abyss |    111 |    111 |      0 |      0 |     94 |   1 |  111.0 |
               +--------+--------+--------+--------+--------+-----+--------+

Top non-repeatable levels by time:
     D:2: 847 daAuts
     D:1: 577 daAuts
     D:3: 452 daAuts
 Abyss:1: 111 daAuts
